 Dungeon Crawl Stone Soup version 0.29-a0-451-gfbfa424 (webtiles) character file.

Game seed: 12409383959842243281

196 Toastz the Ruffian (level 5, -1/45 HPs)
             Began as a Draconian Transmuter on May 19, 2022.
             Was an Initiate of Hepliaklqana.
             Slain by a troll (12 damage)
             ... on level 7 of the Dungeon.
             The game lasted 00:04:10 (3445 turns).

Toastz the Ruffian (Draconian Transmuter)           Turns: 3445, Time: 00:04:11

Health: -1/45      AC:  6    Str: 14    XL:     5   Next: 46%
Magic:  8/8        EV: 12    Int: 13    God:    Hepliaklqana [......]
Gold:   168        SH:  0    Dex: 12    Spells: 5/8 levels left

rFire   . . .      SeeInvis .     - Unarmed
rCold   . . .      Faith    .   (no shield)
rNeg    . . .      Spirit   .   (body armour unavailable)
rPois   .          Reflect  .   (helmet restricted)
rElec   .          Harm     .   s - +0 cloak
rCorr   .          Rampage  .   (no gloves)
Will    .....                   (no boots)
Stlth   +.........              (no amulet)
HPRegen 0.15/turn               (no ring)
MPRegen 0.11/turn               (no ring)

@: about to teleport
A: AC +5, unfitting armour, cold-blooded
a: Renounce Religion


You were on level 7 of the Dungeon.
You worshipped Hepliaklqana.
Hepliaklqana was noncommittal.
You visited 1 branch of the dungeon, and saw 5 of its levels.

You collected 168 gold pieces.

Inventory:

Missiles
 e - 182 stones
 h - 2 poisoned darts
 m - 3 boomerangs (quivered)
Armour
 s - a +0 cloak (worn)
Jewellery
 q - an amulet of the acrobat
Wands
 t - a wand of polymorph (4)
Scrolls
 g - a scroll of blinking {unknown}
 k - a scroll of vulnerability {unknown}
 l - a scroll of identify {unknown}
 o - a scroll of poison
 p - a scroll of silence {unknown}
 r - a scroll of noise {unknown}
Potions
 a - a potion of lignification
 b - a potion of brilliance {unknown}
 c - 2 potions of degeneration {unknown}
 d - a potion of attraction {unknown}
 f - a potion of berserk rage {unknown}
 i - 3 potions of might {unknown}
 j - 3 potions of curing {unknown}
 u - a potion of resistance {unknown}


   Skills:
 + Level 3.4 Fighting
 - Level 1.7 Dodging
 * Level 5.4 Unarmed Combat
 - Level 2.0 Spellcasting
 - Level 2.0 Transmutations


You had 5 spell levels left.
You knew the following spells:

 Your Spells              Type           Power      Damage    Failure   Level
a - Beastly Appendage     Tmut           12%        N/A       11%         1
b - Wereblood             Tmut           6%         N/A       17%         2

Your spell library contained the following spells:

 Spells                   Type           Power      Damage    Failure   Level
 Spider Form              Tmut/Pois      3%         N/A       45%         3
 Ice Form                 Ice/Tmut       3%         N/A       86%         4


Dungeon Overview and Level Annotations

Branches:
Dungeon (4/15)
 Temple: D:4-7

Altars:
Hepliaklqana


Innate Abilities, Weirdness & Mutations

Your plain brown scales are hard. (AC +5)
You cannot fit into any form of body armour.
You are cold-blooded and may be slowed by cold attacks.


Message History

You miss the adder.
Your tail-slap misses the adder.
The adder is severely wounded.
The adder bites you but does no damage.
You closely miss the adder. Your kick misses the adder.
The adder is severely wounded.
The adder bites you.
You hit the adder.
You kill the adder!
No target in view!
Your transformation is almost over.
You see here an adder corpse.
Your horns disappear.
Your talons disappear.
Items here: )) [[.
You see here a +0 robe.
Items here: )))).
Done exploring.
You see here a +0 club.
There is a stone staircase leading down here.
You climb downwards.
A sourceless malevolence fills the Dungeon...
You fall into a shaft and drop 3 floors!
The shaft crumbles and collapses.
Okay, then.
You open the door.
There is an open door here.
Found a spear.
An ogre comes into view. It is wielding a +0 giant club.
The ogre shouts!
Found a mace.
A troll comes into view.
The ogre hits you with a +0 giant club!!
As you read the scroll of teleportation, it crumbles to dust.
You feel strangely unstable.
Really read the scroll of poison?
The air fills with toxic fumes!
As you read the scroll of poison, it crumbles to dust.
The ogre misses you. The troll bites you! The troll claws you.
* * * LOW HITPOINT WARNING * * *
The troll claws you!
You die...

#.....# . #.# .#
#§§§§.# #.# .#
#§§§§.# #O# #
#§§§§§# #.#
#..§§§##########.#
#.).§§§§§§§§§§##.#
######§§§§§§§§##.#
#§TO§§§§§§§.#
#§§@§§§§§####
#§§§§§§§§##
#§§§§§§§§§#
#§§§§§§§§§#
#§§§§§§§§§#
#########§#.#
#.........§.#
#............#
#............#


You could see a troll and an ogre.

Vanquished Creatures
  A phantom (D:3)
  Terence (D:2)
  Robin (D:3)
  2 adders
  A shadow imp (D:3)
  2 dart slugs (D:1)
  An orc (D:3)
  8 bats
  3 endoplasms
  4 giant cockroaches
  9 goblins
  7 hobgoblins
  3 kobolds
  4 quokkas
  A ball python (D:3)
  2 frilled lizards
  4 rats
54 creatures vanquished.

Notes
Turn   | Place    | Note
-------+----------+-------------------------------------------
     0 | D:1      | Toastz the Draconian Transmuter began the quest for the
                  | Orb.
     0 | D:1      | Reached XP level 1. HP: 16/16 MP: 3/3
   403 | D:1      | Reached XP level 2. HP: 14/23 MP: 1/5
   881 | D:1      | Found a faded altar of an unknown god.
  1276 | D:2      | Reached skill level 4 in Unarmed Combat
  1276 | D:2      | Reached XP level 3. HP: 27/29 MP: 4/6
  1298 | D:2      | Learned a level 2 spell: Wereblood
  1435 | D:2      | Noticed Terence
  1445 | D:2      | Killed Terence
  1776 | D:2      | Reached XP level 4. HP: 37/37 MP: 7/7
  2413 | D:3      | Noticed a phantom
  2435 | D:3      | Killed a phantom
  2436 | D:3      | Reached skill level 5 in Unarmed Combat
  2436 | D:3      | Reached XP level 5. HP: 20/45 MP: 6/8
  2770 | D:3      | Noticed Robin
  2791 | D:3      | Killed Robin
  3117 | D:3      | Found a hazy altar of Hepliaklqana.
  3157 | D:3      | Became a worshipper of Hepliaklqana the Forgotten
  3398 | D:4      | You fall into a shaft and drop 3 floors!
  3420 | D:7      | Noticed an ogre
  3439 | D:7      | Noticed a troll
  3445 | D:7      | Slain by a troll

Illustrated notes

Levels and vault maps discovered:
D:1:      minmay_arrival_stair_chambers, layout_basic,
          hellmonk_ecumenical_altar_lost_god
D:2:      layout_loops_cross, uniq_terence
D:3:      layout_loops_ring, nicolae_hepliaklqana_hippocampus, uniq_robin
D:4:      layout_rooms, mainiacjoe_overflow_chevrons
D:7:      layout_basic, lemuel_blue_sif_altar,
          gammafunk_temple_overflow_forgotten,
          minmay_temple_entry_gardened_gates

Skill      XL: |  1  2  3  4 |
---------------+-------------+-----
Fighting       | 2 3 |  3.4
Unarmed Combat | 4 5 |  5.4
Dodging        | |  1.7
Spellcasting   | |  2.0
Transmutations | |  2.0

Action                   |  1- 3 |  4- 6 || total
-------------------------+-------+-------++-------
Melee: Unarmed           |    77 |    69 ||   146
       Kick              |    11 |    15 ||    26
       Headbutt          |     7 |     6 ||    13
       Tailslap          |     5 |     4 ||     9
       Punch             |       |     1 ||     1
Throw: Stone             |     3 |       ||     3
       Boomerang         |    12 |    12 ||    24
 Cast: Beastly Appendage |    20 |    16 ||    36
       Wereblood         |       |     1 ||     1
  Use: Scroll            |       |     4 ||     4
Armor: Skin              |    25 |    25 ||    50
Dodge: Dodged            |    52 |    42 ||    94

Table legend: (Time is in decaauts)
 A = Elapsed time spent in this place.
 B = Non-inter-level travel time spent in this place.
 C = Inter-level travel time spent in this place.
 D = Time resting spent in this place.
 E = Time spent auto-exploring this place.
 F = Levels seen in this place.
 G = Mean time per level.
                   A        B        C        D        E       F      G
               +--------+--------+--------+--------+--------+-----+--------+
         Total |   3441 |   3307 |    134 |    594 |   2237 |   5 |  688.2 |
       Dungeon |   3441 |   3307 |    134 |    594 |   2237 |   5 |  688.2 |
               +--------+--------+--------+--------+--------+-----+--------+

Top non-repeatable levels by time:
     D:3: 1290 daAuts
     D:1: 1204 daAuts
     D:2: 899 daAuts
     D:7: 46 daAuts
